 Dungeon Crawl Stone Soup version 0.26-a0-682-g294304f6e8 (webtiles) character file.

Game seed: 10647975130309690017

18713 Kinoniko the Impaler (level 12, -7/140 HPs)
             Began as an Ogre Berserker on Oct 20, 2020.
             Was a High Priest of Trog.
             Mangled by a wolf spider simulacrum (10 damage)
             ... in an ice cave.
             The game lasted 00:23:04 (15585 turns).

Kinoniko the Impaler (Ogre Berserker)              Turns: 15585, Time: 00:23:04

Health: -7/140     AC: 10    Str: 28    XL:     12   Next: 61%
Magic:  12/12      EV: 10    Int:  8    God:    Trog [*****.]
Gold:   885        SH:  0    Dex:  8    Spells: 11/11 levels left

rFire    x . .     SeeInvis .   u - +8 halberd
rCold    + . .     Faith    .   (shield currently unavailable)
rNeg     . . .     Spirit   .   c - +3 troll leather armour
rPois    .         Reflect  .   (helmet restricted)
rElec    .         Harm     .   x - +1 cloak
rCorr    .         Rampage  .   (gloves unavailable)
MR       +++..                  (boots unavailable)
Stlth    +.........             i - amulet of the acrobat
HPRegen  1.73/turn              E - ring of ice
MPRegen  0.13/turn              o - +4 ring of slaying

@: berserk cooldown, regenerating, slowed, very slow
A: large, unfitting armour, tough skin 1
a: Berserk, Trog's Hand, Brothers in Arms, Renounce Religion


You were in an ice cave.
You worshipped Trog.
Trog was extremely pleased with you.
You visited 2 branches of the dungeon, and saw 15 of its levels.
You also visited: Ossuary and Ice Cave.

You collected 885 gold pieces.

Inventory:

Hand Weapons
 u - a +8 halberd (weapon)
 G - a +0 vorpal halberd
Armour
 c - a +3 troll leather armour (worn)
 l - a +2 robe of resistance
 x - a +1 cloak (worn)
Jewellery
 i - an amulet of the acrobat (around neck)
 m - a +6 ring of strength
 o - a +4 ring of slaying (right hand)
 E - a ring of ice (left hand)
Wands
 a - a wand of random effects (36)
 d - a wand of polymorph (6)
 j - a wand of disintegration (32)
 p - a wand of flame (47)
 t - a wand of digging (4)
 C - a wand of iceblast (7)
Scrolls
 b - 3 scrolls of vulnerability
 f - 7 scrolls of teleportation
 h - 6 scrolls of fear
 k - 4 scrolls of remove curse
 r - a scroll of identify
 y - 3 scrolls of blinking
Potions
 e - 3 potions of ambrosia
 g - 3 potions of degeneration
 n - 12 potions of curing
 q - 5 potions of flight
 s - 3 potions of might
 v - a potion of haste
 w - 4 potions of mutation
 z - 5 potions of heal wounds
 A - 3 potions of resistance
 B - 2 potions of brilliance
 D - a potion of stabbing
 H - a potion of lignification


   Skills:
 + Level 14.5 Fighting
 * Level 16.3 Polearms
 - Level 2.8 Dodging


You had 11 spell levels left.
You didn't know any spells.
Your spell library contained the following spells:

 Spells                   Type           Power        Failure   Level
 Animate Skeleton         Necr           #.....       43%         1
 Apportation              Tloc           #.....       43%         1
 Corona                   Hex            #......      43%         1
 Sting                    Tmut/Pois      #...         43%         1
 Summon Small Mammal      Summ           #...         43%         1
 Poisonous Vapours        Pois/Air       #.....       58%         2
 Confusing Touch          Hex            #.......     82%         3
 Gell's Gravitas          Tloc           #.........   82%         3
 Ignite Poison            Fire/Tmut/Pois #.......     82%         3
 Mephitic Cloud           Conj/Pois/Air  #.......     82%         3
 Olgreb's Toxic Radiance  Pois           #.......     99%         4
 Petrify                  Tmut/Erth      #.......     99%         4
 Metabolic Englaciation   Hex/Ice        #.........   100%        5
 Yara's Violent Unravell  Hex/Tmut       #.........   100%        5


Dungeon Overview and Level Annotations

Branches:
Dungeon (11/15)            Temple (0/1) D:4            Lair (4/6) D:8
 Shoals (0/4) Lair:4       Spider (0/4) Lair:2          Orc (0/2) D:9
Ossuary (visited)           IceCv (1/1)

Altars:
Ashenzari
Cheibriados
Elyvilon
Fedhas
Gozag
Kikubaaqudgha
Makhleb
Nemelex Xobeh
Ru
Sif Muna
Xom
Yredelemnul
Zin
The Shining One

Annotations:
D:3 2 transporters
D:8 1 runed translucent door, chipmonk's ghost, novice GnWn


Innate Abilities, Weirdness & Mutations

You are too large for most types of armour.
You have tough skin. (AC +1)


Message History

The swamp dragon simulacrum is unaffected.
The wolf spider simulacrum hits you.
* * * LOW HITPOINT WARNING * * *
The wolf spider simulacrum freezes you! You resist.
* * * LOW HITPOINT WARNING * * *
The wolf spider simulacrum misses you. The death yak simulacrum gores you!
* * * LOW HITPOINT WARNING * * *
The death yak simulacrum freezes you! You resist.
* * * LOW HITPOINT WARNING * * *
The swamp dragon simulacrum closely misses you.
The swamp dragon simulacrum barely misses you.
The swamp dragon simulacrum tramples you but does no damage.
The wolf spider simulacrum barely misses you.
The wolf spider simulacrum bites you but does no damage.
Press: ? - help, Dir - move target cursor
As you read the scroll of blinking, it crumbles to dust.
The wolf spider simulacrum hits you!
* * * LOW HITPOINT WARNING * * *
The wolf spider simulacrum freezes you! You resist.
You die...

#### ##..##
##
##....##..##
#....§.....#
#.@Z∩ZZ.....#
#....Z..##...
##....### .
##..## ####


You could see a death yak simulacrum, a polar bear simulacrum, a swamp dragon
simulacrum and a wolf spider simulacrum.

Vanquished Creatures
  A hydra (Lair:3)
  4 elephants (Lair:4)
  A cyclops (D:11)
  2 black mambas
  2 cane toads (Lair:3)
  A torpor snail (Lair:1)
  5 rime drakes
  3 komodo dragons (Lair:1)
  A troll (D:8)
  A jumping spider (Lair:2)
  9 blink frogs
  Sigmund (D:2)
  5 basilisks
  The ghost of ANON1729 the Twirler, an amateur MiWn (D:6)
  A wraith (D:10)
  A wyvern (D:9)
  21 yaks
  Menkaure (D:4)
  5 water moccasins
  Duvessa (D:4)
  An orc warrior (D:9)
  4 ice beasts
  A sky beast (D:10)
  3 black bears
  5 ogres
  2 phantoms
  4 centaurs
  22 bullfrogs
  A gnoll sergeant (D:5)
  3 water moccasin zombies (Ossuary)
  Dowan (D:4)
  2 scorpions
  5 killer bees (D:10)
  2 electric eels
  4 wights (D:10)
  2 howler monkeys (D:9)
  A quasit (D:8)
  2 hounds
  3 jellies
  14 orc wizards
  8 orc priests
  2 centaur skeletons
  2 bullfrog skeletons
  3 iguanas
  Terence (D:3)
  9 worker ants
  A killer bee zombie (D:7)
  5 big kobold zombies (Ossuary)
  2 hound zombies
  A hound skeleton (D:5)
  3 mummies
  A worker ant zombie (D:10)
  Robin (D:3)
  8 gnolls
  12 adders
  3 shadow imps
  3 white imps
  An ooze (D:2)
  5 adder zombies
  2 adder skeletons
  2 worms
  2 dart slugs (D:1)
  3 leopard geckos
  41 orcs
  9 giant cockroaches
  3 gnoll zombies (Ossuary)
  8 goblins
  5 hobgoblins
  11 jackals
  7 kobolds
  A quokka (D:5)
  2 ball pythons
  6 bats
  3 frilled lizards
  2 goblin skeletons (D:8)
  2 goblin zombies (D:8)
  10 hobgoblin zombies
  9 kobold zombies
  A leopard gecko skeleton (D:5)
  An orc skeleton (D:8)
  5 orc zombies (Ossuary)
  4 rats
359 creatures vanquished.

Vanquished Creatures (others)
  5 fungi
  18 plants
23 creatures vanquished.

Grand Total: 382 creatures vanquished

Notes
Turn   | Place    | Note
-------+----------+-------------------------------------------
     0 | D:1      | Kinoniko the Ogre Berserker began the quest for the Orb.
     0 | D:1      | Reached XP level 1. HP: 24/24 MP: 1/1
   207 | D:1      | Reached XP level 2. HP: 32/32 MP: 2/2
   728 | D:1      | Reached XP level 3. HP: 36/39 MP: 3/3
   902 | D:2      | Found a basalt altar of Yredelemnul.
   927 | D:2      | Reached skill level 4 in Polearms
   982 | D:2      | Reached ** piety under Trog
  1446 | D:2      | Reached XP level 4. HP: 48/48 MP: 4/4
  1495 | D:2      | Noticed Sigmund
  1508 | D:2      | Killed Sigmund
  1508 | D:2      | Reached skill level 6 in Polearms
  1508 | D:2      | Reached XP level 5. HP: 54/54 MP: 5/5
  1830 | D:2      | Reached XP level 6. HP: 62/62 MP: 6/6
  2205 | D:3      | Noticed Robin
  2222 | D:3      | Killed Robin
  2648 | D:3      | Found a transporter.
  2652 | D:3      | Found a transporter.
  2656 | D:3      | Noticed an orc warrior
  2659 | D:3      | Found a broken altar of Ashenzari.
  2763 | D:3      | Noticed Terence
  2768 | D:3      | Killed Terence
  2826 | D:3      | Found a sacrificial altar of Ru.
  2841 | D:3      | Reached skill level 7 in Polearms
  4137 | D:4      | Found a staircase to the Ecumenical Temple.
  4198 | D:4      | Reached XP level 7. HP: 71/71 MP: 7/7
  4247 | D:4      | Noticed Menkaure
  4257 | D:4      | Killed Menkaure
  4257 | D:4      | Reached *** piety under Trog
  4257 | D:4      | Reached skill level 5 in Fighting
  4543 | D:4      | Found a white marble altar of Elyvilon.
  4574 | D:4      | Reached skill level 8 in Polearms
  4849 | D:4      | Noticed Dowan
  4850 | D:4      | Noticed Duvessa
  4860 | D:4      | Killed Dowan
  4877 | D:4      | Killed Duvessa
  4877 | D:4      | Reached XP level 8. HP: 65/83 MP: 8/8
  5158 | D:4      | Found a shimmering blue altar of Sif Muna.
  5242 | D:5      | Entered Level 5 of the Dungeon
  5596 | D:5      | Found a burning altar of Makhleb.
  5596 | D:5      | Found a glowing silver altar of Zin.
  5597 | D:5      | Noticed an angel
  5597 | D:5      | Noticed a blizzard demon
  5643 | D:5      | Reached skill level 9 in Polearms
  6110 | D:5      | Found an ancient bone altar of Kikubaaqudgha.
  6237 | D:6      | Reached **** piety under Trog
  6299 | D:6      | Found a runed translucent gate.
  6301 | D:6      | Found a runed translucent gate.
  6301 | D:6      | Noticed ANON1729's ghost (amateur MiWn)
  6303 | D:6      | Found a runed translucent gate.
  6890 | D:6      | Found a shimmering altar of Xom.
  6915 | D:6      | Reached skill level 10 in Polearms
  7121 | D:6      | Reached XP level 9. HP: 96/96 MP: 9/9
  7336 | D:6      | Killed ANON1729's ghost
  7469 | D:7      | Found a sand-covered staircase.
  7475 | Ossuary  | Entered an ossuary
  7698 | Ossuary  | Reached ***** piety under Trog
  7889 | D:7      | Reached skill level 11 in Polearms
  8349 | D:7      | Found a blossoming altar of Fedhas.
  8349 | D:7      | Found an opulent altar of Gozag.
  8351 | D:7      | Found a snail-covered altar of Cheibriados.
  8969 | D:8      | Found a glowing golden altar of the Shining One.
  9187 | D:8      | Noticed a troll
  9193 | D:8      | Killed a troll
  9289 | D:8      | Found a staircase to the Lair.
  9295 | D:8      | Reached XP level 10. HP: 110/110 MP: 10/10
  9453 | D:8      | Found a runed translucent door.
  9453 | D:8      | Found a shimmering altar of Xom.
  9453 | D:8      | Noticed a +0 short sword of chaos
  9453 | D:8      | Noticed chipmonk's ghost (novice GnWn)
  9479 | D:8      | Reached skill level 10 in Fighting
  9479 | D:8      | Reached skill level 12 in Polearms
 10178 | D:9      | Found a staircase to the Orcish Mines.
 10766 | D:9      | Found a sparkling altar of Nemelex Xobeh.
 11168 | D:10     | Entered Level 10 of the Dungeon
 11308 | D:10     | Reached skill level 13 in Polearms
 11336 | D:10     | Reached ****** piety under Trog
 11657 | D:10     | Reached XP level 11. HP: 123/123 MP: 11/11
 11686 | D:10     | Reached skill level 14 in Polearms
 12166 | D:11     | Noticed a cyclops
 12198 | D:11     | Killed a cyclops
 12330 | Lair:1   | Entered Level 1 of the Lair of Beasts
 12484 | Lair:1   | You fall into a shaft and drop 1 floor!
 13045 | Lair:1   | Reached skill level 15 in Polearms
 13244 | Lair:1   | Received a gift from Trog
 13577 | Lair:2   | Reached XP level 12. HP: 105/136 MP: 12/12
 13935 | Lair:2   | You fall into a shaft and drop 1 floor!
 14010 | Lair:2   | Found a hole to the Spider Nest.
 14653 | Lair:3   | Noticed a five-headed hydra
 14662 | Lair:3   | Killed an eight-headed hydra
 15264 | Lair:3   | Found an opulent altar of Gozag.
 15483 | Lair:4   | Reached skill level 16 in Polearms
 15562 | Lair:4   | Found a frozen archway.
 15577 | IceCv    | Entered an ice cave
 15583 | IceCv    | HP: 5/140 [death yak simulacrum (8)]
 15585 | IceCv    | Mangled by a wolf spider simulacrum

Illustrated notes

Levels and vault maps discovered:
D:1:      lemuel_arrival_rhombus, layout_loops_ring, serial_bayou_pond_c,
          minmay_crystal_water, chequers_arboretum
D:2:      layout_basic, overflow_temple_1_default, uniq_sigmund
D:3:      mumra_celtic_spiral_tile, layout_loops_ring,
          gammafunk_temple_overflow_arena, nicolae_ru_great_annihilating_truth,
          kennysheep_cluttered_room, grunt_decor_cap, uniq_terence, uniq_robin
D:4:      layout_gridville, lemuel_crystal_altar, led_sif_pool,
          minmay_temple_entry_antechambers, minmay_mini_ossuary, uniq_duvessa,
          uniq_menkaure
D:5:      layout_gridville, grunt_temple_overflow_order_and_chaos_2,
          kiku_gazebo_pond_becter, nrook_mini_backslash
D:6:      layout_loops_ring, ebering_ghost_rock_garden, basic_altar
D:7:      layout_rooms, gammafunk_temple_overflow_claw,
          lightli_ossuary_entry_decrepit_ruins
D:8:      layout_basic, nicolae_tso_besieged_by_evil, lair_entry_dummy,
          ebering_ghost_xom, nicolae_wwwww
D:9:      layout_layer_cave, nemelex_xobeh_ov_fountains_minmay, david_orc_2,
          kennysheep_generic_room_11
D:10:     layout_irregular_city
D:11:     layout_loops_ring, serial_shops, bzr_entry_gold
Lair:1:   layout_regular_city, cheibrodos_lair_caveside_slide,
          columned_hall_lemuel, grunt_megastairs_2, serial_bayou_shore_b,
          serial_bayou_shore_b
Lair:2:   layout_cave_pods, spider_nest_entry_rubble, serial_bayou_shore_a
Lair:3:   layout_regular_city, basic_altar
Lair:4:   layout_roguey, minmay_shoals_entry_hut, portal_ice_cave_rime
IceCv:    ice_cave_small_necro

Skill      XL: |  1  2  3  4  5  6  7  8  9 10 11 12 |
---------------+-------------------------------------+-----
Polearms       | 4 6 7 8 10 11 13 15 16 | 16.3
Fighting       | 6 7 9 11 13 14 | 14.5
Dodging        | |  2.8

Action                   |  1- 3 |  4- 6 |  7- 9 | 10-12 || total
-------------------------+-------+-------+-------+-------++-------
Melee: Spear             |    88 |   150 |   238 |       ||   476
       Halberd           |       |       |   197 |   400 ||   597
Invok: Berserk           |     3 |    12 |    24 |    20 ||    59
       Trog's Hand       |       |       |     2 |     1 ||     3
       Brothers in Arms  |       |       |       |     1 ||     1
  Use: Scroll            |       |    10 |     8 |    19 ||    37
       Potion            |       |       |     4 |     1 ||     5
 Stab: Invisible         |       |     1 |       |       ||     1
       Paralysed         |       |     1 |       |       ||     1
       Sleeping          |       |       |     1 |       ||     1
Armor: Animal skin       |    14 |       |       |       ||    14
       Robe              |       |    13 |    63 |       ||    76
       Skin              |       |       |     9 |       ||     9
       Troll leather arm |       |       |       |    71 ||    71
Dodge: Dodged            |    32 |    34 |   117 |   124 ||   307

Table legend: (Time is in decaauts)
 A = Elapsed time spent in this place.
 B = Non-inter-level travel time spent in this place.
 C = Inter-level travel time spent in this place.
 D = Time resting spent in this place.
 E = Time spent auto-exploring this place.
 F = Levels seen in this place.
 G = Mean time per level.
                   A        B        C        D        E       F      G
               +--------+--------+--------+--------+--------+-----+--------+
         Total |  15904 |  15449 |    455 |   5002 |   8049 |  17 |  935.5 |
       Dungeon |  12190 |  11789 |    401 |   3961 |   6105 |  11 | 1108.2 |
          Lair |   3261 |   3207 |     54 |    782 |   1943 |   4 |  815.2 |
       Ossuary |    442 |    442 |      0 |    259 |      0 |   1 |  442.0 |
      Ice Cave |     10 |     10 |      0 |      0 |      0 |   1 |   10.0 |
               +--------+--------+--------+--------+--------+-----+--------+

Top non-repeatable levels by time:
     D:3: 1802 daAuts
     D:9: 1543 daAuts
     D:4: 1368 daAuts
     D:2: 1331 daAuts
  Lair:2: 1288 daAuts
     D:6: 1266 daAuts
     D:8: 1140 daAuts
    D:10: 1109 daAuts
     D:5: 964 daAuts
  Lair:1: 949 daAuts
  Lair:3: 914 daAuts
     D:1: 846 daAuts
     D:7: 770 daAuts
 Ossuary: 442 daAuts
  Lair:4: 108 daAuts
